 Dungeon Crawl Stone Soup version 0.26-a0-831-g7192265339 (webtiles) character file.

Game seed: 16744357064540557395

141 miscthings the Ruffian (level 5, -12/49 HPs)
             Began as a Troll Warper on Nov 15, 2020.
             Blown up by Ijyb (19 damage)
             ... with a disintegration bolt
             ... on level 3 of the Dungeon.
             The game lasted 00:03:58 (1825 turns).

miscthings the Ruffian (Troll Warper)               Turns: 1825, Time: 00:03:58

Health: -12/49     AC:  6    Str: 19    XL:     5   Next: 3%
Magic:  6/6        EV: 10    Int: 10    God:
Gold:   117        SH:  0    Dex:  9    Spells: 7/7 levels left

rFire    . . .     SeeInvis .     - Unarmed
rCold    . . .     Faith    .   (no shield)
rNeg     . . .     Spirit   .   a - +0 robe
rPois    .         Reflect  .   (helmet restricted)
rElec    .         Harm     .   (no cloak)
rCorr    .         Rampage  .   (gloves unavailable)
MR       .....                  (boots unavailable)
Stlth    +.........             (no amulet)
HPRegen  0.56/turn              (no ring)
MPRegen  0.10/turn              (no ring)

@: no status effects
A: large, unfitting armour, claws 3, regeneration 1, shaggy fur 1, tough skin 3
a: no special abilities


You were on level 3 of the Dungeon.
You visited 1 branch of the dungeon, and saw 3 of its levels.

You collected 117 gold pieces.

Inventory:

Missiles
 d - 4 boomerangs of dispersal
 n - 4 javelins (quivered)
Armour
 a - a +0 robe (worn)
Jewellery
 i - an uncursed ring of ice
Scrolls
 c - a scroll of blinking
 e - a scroll of fog {unknown}
 f - 3 scrolls of enchant armour {unknown}
 g - 2 scrolls of remove curse {unknown}
 h - a scroll of teleportation {unknown}
 j - a scroll of amnesia {unknown}
 k - a scroll of identify {unknown}
 m - a scroll of immolation
Potions
 b - 2 potions of magic {unknown}
 l - a potion of degeneration {unknown}


   Skills:
 - Level 1.8 Fighting
 - Level 1.1 Throwing
 - Level 2.8 Dodging
 - Level 0.1 Stealth
 + Level 3.8 Unarmed Combat
 - Level 1.6 Spellcasting
   Level 2.1 Translocations


You had 7 spell levels left.
You didn't know any spells.
Your spell library contained the following spells:

 Spells                   Type           Power        Failure   Level
 Blink                    Tloc           N/A          21%         2
 Gell's Gravitas          Tloc           #.........   36%         3
 Lesser Beckoning         Tloc           #.........   36%         3
 Teleport Other           Tloc           #.......     36%         3
 Passage of Golubria      Tloc           N/A          78%         4


Dungeon Overview and Level Annotations

Branches:
Dungeon (3/15)

Altars:
Kikubaaqudgha

Annotations:
D:3 1 runed translucent door, Ijyb; Whiskey's ghost, amateur OpTm


Innate Abilities, Weirdness & Mutations

You are too large for most types of armour.
You have claws for hands.
Your natural rate of healing is unusually fast.
You are covered in fur. (AC +1)
You have extremely tough skin. (AC +3)


Message History

Ijyb barely misses you.
Okay, then.
Okay, then.
Throwing (i - inventory. (/) - cycle)
n - 5 javelins (quivered)
Press: ? - help, Shift-Dir - straight line, p - Ijyb You throw a javelin.
The javelin pierces through Ijyb but does no damage.
Ijyb is heavily wounded.
The javelin pierces through the giant cockroach.
The giant cockroach is heavily wounded.
Ijyb hits you with a +0 club.
* * * LOW HITPOINT WARNING * * *
Throwing (i - inventory. (/) - cycle)
n - 4 javelins (quivered)
Press: ? - help, Shift-Dir - straight line, f - Ijyb
Aim: Ijyb, wielding a +0 club, wearing a +0 scale mail and carrying a wand of disintegration (10) (heavily wounded)
Okay, then.
You scratch Ijyb.
Ijyb is severely wounded.
Ijyb zaps a wand.
You are blasted!
You die...

#######
#########
.......
...((Bg.#
########
#@#
.......#
#.#
.#####.#
#.# .#
#.# #.#
.# #.#
#.#
.#####.#
#.#
.......#
#.#
.......#
#.#
.#####.#
#.#


You could see Ijyb and a giant cockroach.

Vanquished Creatures
  An orc priest (D:3)
  An adder (D:3)
  2 oozes (D:1)
  3 worms
  2 dart slugs
  5 leopard geckos
  10 orcs
  3 giant cockroaches (D:3)
  5 goblins
  5 hobgoblins
  5 jackals
  10 bats
  5 frilled lizards
  6 kobolds
  5 rats
68 creatures vanquished.

Notes
Turn   | Place    | Note
-------+----------+-------------------------------------------
     0 | D:1      | miscthings the Troll Warper began the quest for the Orb.
     0 | D:1      | Reached XP level 1. HP: 19/19 MP: 1/1
    41 | D:1      | Reached skill level 1 in Throwing
    41 | D:1      | Reached XP level 2. HP: 27/27 MP: 3/3
   259 | D:1      | Reached XP level 3. HP: 35/35 MP: 4/4
  1106 | D:2      | Found an ancient bone altar of Kikubaaqudgha.
  1309 | D:3      | Reached XP level 4. HP: 42/42 MP: 5/5
  1328 | D:3      | Reached skill level 3 in Unarmed Combat
  1487 | D:3      | Found a runed translucent door.
  1488 | D:3      | Noticed Whiskey's ghost (amateur OpTm)
  1672 | D:3      | Reached XP level 5. HP: 49/49 MP: 6/6
  1811 | D:3      | Noticed Ijyb
  1825 | D:3      | Blown up by Ijyb

Illustrated notes

Levels and vault maps discovered:
D:1:      dpeg_arrival_stonehenge_8_columns, layout_basic, st_stairs_1
D:2:      layout_loops_ring, kiku_gazebo_pond_becter
D:3:      layout_basic, lemuel_doored_altar, ebering_ghost_inner_flame,
          uniq_ijyb

Skill      XL: |  1  2  3  4 |
---------------+-------------+-----
Dodging        | 2 |  2.8
Throwing       | 1 |  1.1
Unarmed Combat | 3 |  3.8
Fighting       | |  1.8
Stealth        | |  0.1
Spellcasting   | |  1.6
Translocations | |  2.1

Action                   |  1- 3 |  4- 6 || total
-------------------------+-------+-------++-------
Melee: Unarmed           |   126 |    82 ||   208
Throw: Javelin           |       |     5 ||     5
       Boomerang         |       |     1 ||     1
Armor: Robe              |    87 |    20 ||   107
Dodge: Dodged            |   100 |    42 ||   142

Table legend: (Time is in decaauts)
 A = Elapsed time spent in this place.
 B = Non-inter-level travel time spent in this place.
 C = Inter-level travel time spent in this place.
 D = Time resting spent in this place.
 E = Time spent auto-exploring this place.
 F = Levels seen in this place.
 G = Mean time per level.
                   A        B        C        D        E       F      G
               +--------+--------+--------+--------+--------+-----+--------+
         Total |   1818 |   1665 |    153 |     77 |   1163 |   3 |  606.0 |
       Dungeon |   1818 |   1665 |    153 |     77 |   1163 |   3 |  606.0 |
               +--------+--------+--------+--------+--------+-----+--------+

Top non-repeatable levels by time:
     D:2: 791 daAuts
     D:1: 573 daAuts
     D:3: 454 daAuts
